AoeStats
← Aka.Bnxez

Arabia

509800915Analyzed
1v1 RM · 5d ago on Sep 28, 2026· 46m 49s· 2 players
Game mode
Random Map
Map size
Tiny (2 player)
Population
200
Speed
Normal
Resources
Standard
Victory
Conquest
Starting age
Dark Age
Ending age
Imperial Age
RankedLock teamsTeams togetherTeam positionsShared explorationLock speedFull tech treeHidden civsTurbo modeCheats
Victory
Defeat
🇺🇸 Danes · United States
683
+27
🇳🇱 Portuguese · Netherlands
654
-15
Lyingrelic
11:14 Loom
13:04 Feudal Age
20:06 Castle Age
25:32 Double-Bit Axe
39:35 Bow Saw
40:04 Gold Mining
41:25 Scale Barding Armor
Aka.Bnxez
7:10 Loom
10:41 Feudal Age
14:12 Double-Bit Axe
21:01 Castle Age
21:50 Scale Mail Armor
23:29 Bow Saw
23:01 Horse Collar
23:13 Gold Mining
25:04 Chain Mail Armor
25:55 Wheelbarrow
27:55 Stone Mining
28:30 Gambesons
28:46 Squires
28:31 Arson
28:30 Man-at-Arms
31:55 Hand Cart
34:21 Redemption
41:00 Imperial Age
39:54 Gold Shaft Mining
40:39 Ballistics
41:03 Onager
44:34 Chemistry
43:40 Siege Engineers
45:58 Pikeman
Connection lost

Rejoining the realm…

Still unreachable

The connection could not be restored.

Session expired

The server has moved on; the page needs a fresh start.